AoeStats
← OmarGutieG

Oasis

508941979Analyzed
2v2 RM · 7d ago on Sep 24, 2026· 54m 57s· 4 players
Game mode
Random Map
Map size
Medium (4 player)
Population
200
Speed
Normal
Resources
Standard
Victory
Conquest
Starting age
Dark Age
Ending age
Imperial Age
RankedLock teamsTeams togetherTeam positionsShared explorationLock speedFull tech treeHidden civsTurbo modeCheats
Victory
Defeat
🇲🇽 Magyars · Mexico
1312
+17
🇲🇽 Dravidians · Mexico
1298
+18
🇬🇧 Varangians · United Kingdom
1376
-19
🇬🇧 Danes · United Kingdom
1298
-16
armigame1
6:33 Loom
9:30 Feudal Age
21:02 Castle Age
19:39 Bloodlines
20:07 Double-Bit Axe
20:41 Scale Barding Armor
22:47 Chain Barding Armor
30:16 Horse Collar
31:27 Wheelbarrow
33:00 Town Watch
33:29 Husbandry
41:02 Imperial Age
41:10 Imperial Age
38:57 Bow Saw
38:45 Gold Mining
40:00 Gold Shaft Mining
39:27 Light Cavalry
41:31 Hussar
43:05 Plate Barding Armor
44:26 Cavalier
46:23 Paladin
49:33 Conscription
51:51 Scale Mail Armor
51:23 Pikeman
54:42 Chain Mail Armor
53:50 Halberdier
OmarGutieG
8:29 Loom
10:14 Feudal Age
14:29 Castle Age
13:45 Double-Bit Axe
15:05 Fletching
21:23 Wheelbarrow
22:55 Bodkin Arrow
24:33 Horse Collar
25:54 Husbandry
26:31 Hand Cart
26:04 Pikeman
29:34 Town Watch
30:00 Thumb Ring
30:05 Scale Barding Armor
30:35 Town Patrol
31:23 Scale Mail Armor
35:02 Devotion
39:39 Imperial Age
39:34 Squires
39:21 Gambesons
40:52 Chain Barding Armor
41:33 Ballistics
42:13 Chemistry
41:09 Halberdier
42:11 Chain Mail Armor
43:47 Elite Elephant Archer
45:15 Masonry
46:08 Caravan
49:29 Gold Mining
49:49 Arson
51:12 Bracer
51:12 Padded Archer Armor
55:21 Conscription
55:10 Medical Corps
Dr Ambition
6:39 Loom
9:22 Feudal Age
9:23 Man-at-Arms
10:16 Double-Bit Axe
12:40 Horse Collar
18:05 Castle Age
17:59 Gold Mining
17:58 Town Watch
18:52 Scale Barding Armor
19:29 Wheelbarrow
20:21 Chain Barding Armor
23:35 Bloodlines
26:04 Forging
28:52 Heavy Plow
30:10 Bow Saw
30:01 Stone Mining
33:16 Fletching
33:39 Guard Tower
34:21 Bodkin Arrow
39:28 Imperial Age
37:44 Ballistics
38:13 Husbandry
39:02 Hand Cart
40:24 Iron Casting
40:32 Conscription
39:58 Cavalier
40:19 Vendel Legacy
42:50 Two-Man Saw
42:44 Plate Barding Armor
43:36 Chemistry
43:01 Masonry
44:30 Blast Furnace
45:14 Fortified Wall
46:35 Bracer
48:19 Architecture
50:05 Treadmill Crane
50:31 Murder Holes
52:39 Light Cavalry
53:55 Hussar
TomD_B
7:29 Loom
9:44 Feudal Age
9:45 Man-at-Arms
10:17 Double-Bit Axe
15:16 Horse Collar
21:25 Castle Age
20:47 Forging
21:35 Scale Mail Armor
21:27 Long Swordsman
22:57 Iron Casting
22:05 Pikeman
24:51 Squires
25:48 Bow Saw
27:14 Chain Mail Armor
28:24 Arson
29:08 Gambesons
33:57 Wheelbarrow
37:33 Hand Cart
38:18 Heavy Plow
40:21 Fervor
43:41 Imperial Age
43:27 Fletching
43:39 Halberdier
44:49 Conscription
50:11 Onager
Connection lost

Rejoining the realm…

Still unreachable

The connection could not be restored.

Session expired

The server has moved on; the page needs a fresh start.